 Dungeon Crawl Stone Soup version 0.31-a0-832-g3a2c1c66ba (webtiles) character file.

Game seed: 407241359598793295

391 Ijustatesigmund the Magician (level 6, -5/35 HPs)
             Began as a Deep Elf Fire Elementalist on Sept 25, 2023.
             Was an Initiate of Vehumet.
             Slain by an iguana (12 damage)
             ... on level 5 of the Dungeon.
             The game lasted 00:06:40 (4811 turns).

Ijustatesigmund the Magician (DEFE)                 Turns: 4811, Time: 00:06:41

Health: -5/35      AC:  3    Str:  5    XL:     6   Next: 50%
Magic:  0/16       EV: 12    Int: 22    God:    Vehumet [......]
Gold:   74         SH:  0    Dex: 15    Spells: 8/15 levels left

rFire   . . .        n - +3 sling (flame)
rCold   . . .        (no shield)
rNeg    . . .        a - +0 robe
rPois   .            (no helmet)
rElec   .            (no cloak)
rCorr   +            (no gloves)
SInv    .            e - +0 pair of boots
Will    .....        (no amulet)
Stlth   ++           i - ring of resist corrosion
HPRegen 0.25/turn    g - ring of flight
MPRegen 0.15/turn

%: no passive effects
@: flying
A: no striking features
a: Renounce Religion


You were on level 5 of the Dungeon.
You worshipped Vehumet.
Vehumet was noncommittal.
You visited 2 branches of the dungeon, and saw 6 of its levels.

You collected 330 gold pieces.
You spent 256 gold pieces at shops.

Inventory:

Hand Weapons
 c - a +1 mace
 n - a +3 sling of flaming (weapon)
Armour
 a - a +0 robe (worn)
 e - a +0 pair of boots (worn)
Jewellery
 g - a ring of flight (right hand)
 i - a ring of resist corrosion (left hand)
Scrolls
 o - a scroll of revelation {unknown}
 p - a scroll of fog {unknown}
Potions
 b - 3 potions of magic
 d - 2 potions of heal wounds
 f - 3 potions of enlightenment
 h - 2 potions of berserk rage {unknown}
 j - a potion of invisibility {unknown}
 k - a potion of haste
 l - a potion of lignification {unknown}
 m - a potion of degeneration {unknown}


   Skills:
 - Level 2.2 Fighting
 + Level 1.3 Ranged Weapons
 - Level 2.4 Dodging
 - Level 2.4 Stealth
 + Level 5.3 Spellcasting
 + Level 3.7 Conjurations
 + Level 4.9 Fire Magic


You had 8 spell levels left.
You knew the following spells:

 Your Spells              Type           Power      Damage    Failure   Level
a - Foxfire               Conj/Fire      96%        2x1d8     1%          1
b - Scorch                Fire           54%        2d7       1%          2
c - Flame Wave            Conj/Fire      24%        2d8       17%         4

Your spell library contained the following spells:

 Spells                   Type           Power      Damage    Failure   Level
 Inner Flame              Hex/Fire       16%        N/A       11%         3
 Volatile Blastmotes      Fire/Tloc      32%        2d12      11%         3
 Call Canine Familiar     Summ           5%         N/A       28%         3
 Sigil of Binding         Hex            5%         N/A       28%         3
 Dimensional Bullseye     Hex/Tloc       2%         N/A       67%         4
 Leda's Liquefaction      Hex/Erth       2%         N/A       67%         4


Dungeon Overview and Level Annotations

Branches:
Dungeon (5/15)             Temple (1/1) D:4

Altars:
Ashenzari
Cheibriados
Dithmenos
Elyvilon
Hepliaklqana
Kikubaaqudgha
Nemelex Xobeh
Ru
Sif Muna
Uskayaw
Vehumet
Xom
Yredelemnul
Zin

Shops:
D:4 (


Message History

You kill the orc!
Vehumet accepts your kill. (Press . to intensify the flame waves.)
An iguana comes into view.
A wave of flame ripples out!
The flame wave engulfs the orc!
You kill the orc!
Vehumet accepts your kill.
Without enough magic to sustain them, the waves of flame dissipate.
You are too injured to fight recklessly!
Fire: n) +3 sling (flame)
Press: ? - help, Q - select action, (/) - cycle Shift-Dir - straight line, f - iguana
Aim: an iguana (64% to hit)
You shoot a sling bullet.
The sling bullet closely misses the iguana.
The iguana bites you.
Your magical contamination has completely faded away.
Fire: n) +3 sling (flame)
Press: ? - help, Q - select action, (/) - cycle Shift-Dir - straight line, f/p - iguana
Aim: an iguana (64% to hit)
You shoot a sling bullet. The sling bullet hits the iguana.
The sling bullet burns the iguana.
The iguana is moderately wounded.
The iguana bites you!
* * * LOW HITPOINT WARNING * * *
Fire: n) +3 sling (flame)
Press: ? - help, Q - select action, (/) - cycle Shift-Dir - straight line, f/p - iguana
Aim: an iguana (moderately wounded, 64% to hit)
You shoot a sling bullet. The sling bullet hits the iguana.
The sling bullet burns the iguana.
The iguana is moderately wounded.
The iguana barely misses you.
Casting: Flame Wave (quite dangerous; 17% risk of failure)
Confirm with . or Enter, or press ? or * to list all spells.
You conjure some foxfire!
The iguana closely misses you.
The foxfire hits the iguana.
The iguana is heavily wounded.
The foxfire hits the iguana but does no damage.
The iguana is heavily wounded.
The iguana bites you!
You die...

.
#######...
#ยง.)......
#.@)).....
#.l)......
#.........
#.........
.........#
###.#######
#.# #.#


You could see an iguana.

Vanquished Creatures
  An orc priest (D:5)
  A jelly (D:5)
  An iguana (D:4)
  Terence (D:2)
  An orc wizard (D:5)
  Natasha (thrice) (D:2)
  8 adders
  4 worms
  2 dart slugs
  4 orcs
  11 endoplasms
  3 giant cockroaches
  7 goblins
  6 hobgoblins
  10 kobolds
  3 quokkas
  6 ball pythons
  12 bats
  3 frilled lizards
  8 rats
95 creatures vanquished.

Vanquished Creatures (collateral kills)
  A foxfire (D:3)
1 creature vanquished.

Vanquished Creatures (others)
  203 foxfires
203 creatures vanquished.

Grand Total: 299 creatures vanquished

Notes
Turn   | Place    | Note
-------+----------+-------------------------------------------
     0 | D:1      | Ijustatesigmund the Deep Elf Fire Elementalist began the
                  | quest for the Orb.
     0 | D:1      | Reached XP level 1. HP: 10/10 MP: 6/6
   308 | D:1      | Reached XP level 2. HP: 16/16 MP: 5/8
   311 | D:1      | Learned a level 2 spell: Scorch
   996 | D:1      | Reached XP level 3. HP: 20/20 MP: 8/10
  1283 | D:2      | Noticed Terence
  1291 | D:2      | Killed Terence
  1292 | D:2      | Reached skill level 1 in Fighting
  1459 | D:2      | Reached XP level 4. HP: 25/25 MP: 7/11
  1464 | D:2      | Learned a level 4 spell: Flame Wave
  1508 | D:2      | Reached skill level 4 in Spellcasting
  1650 | D:2      | Noticed Natasha
  1653 | D:2      | Killed Natasha
  1754 | D:2      | Noticed Natasha
  1758 | D:2      | Killed Natasha
  1759 | D:2      | Reached XP level 5. HP: 24/30 MP: 4/13
  1956 | D:2      | Noticed Natasha
  1963 | D:2      | Killed Natasha
  2482 | D:3      | Identified the +1 ring mail of the Pleiades {rF+}
  2740 | D:3      | Found a faded altar of an unknown god.
  2740 | D:3      | Identified the +7 rapier "Jein" {flame, *Corrode rElec
                  | Str+6 Int+3}
  3405 | D:3      | Found a glowing silver altar of Zin.
  3600 | D:4      | Found a shimmering altar of Xom.
  3793 | D:4      | Found a basalt altar of Yredelemnul.
  3934 | D:4      | Reached skill level 5 in Spellcasting
  3934 | D:4      | Reached XP level 6. HP: 35/35 MP: 10/15
  3979 | D:4      | Found Raaphap's Weapon Shoppe.
  4001 | D:4      | Bought a +3 sling of flaming for 256 gold pieces
  4242 | D:4      | Found a staircase to the Ecumenical Temple.
  4426 | Temple   | Entered the Ecumenical Temple
  4438 | Temple   | Became a worshipper of Vehumet
  4517 | D:5      | Entered Level 5 of the Dungeon
  4802 | D:5      | Reached skill level 1 in Ranged Weapons
  4811 | D:5      | Slain by an iguana

Illustrated notes

Levels and vault maps discovered:
D:1:      dpeg_arrival_court, layout_basic
D:2:      layout_basic, hangedman_feature_mirror, uniq_terence, uniq_natasha
D:3:      layout_basic, zin_scriptorium, shapermc_ecumenical_altar_mp_highgroup,
          chequers_big_river
D:4:      layout_basic, amcnicky_altar_gilded, kennysheep_mini,
          minmay_temple_entry_hall, serial_shops, nicolae_shop_window_shopping
D:5:      layout_basic, mainiacjoe_overflow_alcove_4, trog_three_pillars_becter
Temple:   nicolae_temple_bog_church

Skill      XL: |  1  2  3  4  5  6 |
---------------+-------------------+-----
Fighting       | 1 2 |  2.2
Conjurations   | 2 3 |  3.7
Spellcasting   | 4 5 |  5.3
Fire Magic     | 4 |  4.9
Ranged Weapons | 1 |  1.3
Dodging        | |  2.4
Stealth        | |  2.4

Action                     |  1- 3 |  4- 6 || total
---------------------------+-------+-------++-------
   Fire: Sling             |       |    15 ||    15
   Cast: Foxfire           |    62 |    59 ||   121
         Scorch            |     6 |    17 ||    23
         Flame Wave        |       |     7 ||     7
    Use: Scroll            |       |     7 ||     7
 Armour: Robe              |    12 |    19 ||    31
  Dodge: Dodged            |     6 |    15 ||    21

Table legend: (Time is in decaauts)
 A = Elapsed time spent in this place.
 B = Non-inter-level travel time spent in this place.
 C = Inter-level travel time spent in this place.
 D = Time resting spent in this place.
 E = Time spent auto-exploring this place.
 F = Levels seen in this place.
 G = Mean time per level.
                   A        B        C        D        E       F      G
               +--------+--------+--------+--------+--------+-----+--------+
         Total |   4831 |   4700 |    131 |    504 |   3634 |   6 |  805.2 |
       Dungeon |   4806 |   4675 |    131 |    504 |   3634 |   5 |  961.2 |
        Temple |     25 |     25 |      0 |      0 |      0 |   1 |   25.0 |
               +--------+--------+--------+--------+--------+-----+--------+

Top non-repeatable levels by time:
     D:2: 1245 daAuts
     D:1: 1209 daAuts
     D:3: 1095 daAuts
     D:4: 959 daAuts
     D:5: 296 daAuts
  Temple: 25 daAuts
